 Dungeon Crawl Stone Soup version 0.29-a0-2-g12fcac58f8 (webtiles) character file.

Game seed: 2423230033603970515

22 cyrus the Conjurer (level 2, -4/16 HPs)
             Began as a Tengu Conjurer on Jan 26, 2022.
             Killed by a fireball (15 damage)
             ... invoked by the fiery rage of Trog
             ... on level 2 of the Dungeon.
             The game lasted 00:05:53 (1242 turns).

cyrus the Conjurer (Tengu Conjurer)                 Turns: 1242, Time: 00:05:53

Health: -4/16      AC:  2    Str:  7    XL:     2   Next: 91%
Magic:  5/6        EV: 12    Int: 18    God:
Gold:   111        SH:  0    Dex: 12    Spells: 2/5 levels left

rFire   . . .      SeeInvis .   (no weapon)
rCold   . . .      Faith    .   (no shield)
rNeg    . . .      Spirit   .   a - +0 robe
rPois   .          Reflect  .   (helmet restricted)
rElec   .          Harm     .   (no cloak)
rCorr   .          Rampage  .   (no gloves)
Will    .....                   (boots unavailable)
Stlth   ++........              (no amulet)
HPRegen 0.05/turn               (no ring)
MPRegen 0.10/turn               (no ring)

@: no status effects
A: beak, talons 3
a: no special abilities


You were on level 2 of the Dungeon.
You visited 1 branch of the dungeon, and saw 2 of its levels.

You collected 111 gold pieces.

Inventory:

Armour
 a - a +0 robe (worn)
Scrolls
 b - a scroll of immolation {unknown}
 c - a scroll of identify {unknown}
 d - a scroll of silence {unknown}
 f - a scroll of enchant armour {unknown}
Potions
 e - a potion of ambrosia {unknown}


   Skills:
 + Level 0.4 Fighting
 + Level 2.6 Dodging
 + Level 2.4 Stealth
 - Level 2.1 Spellcasting
 - Level 5.6 Conjurations


You had 2 spell levels left.
You knew the following spells:

 Your Spells              Type           Power      Damage    Failure   Level
a - Magic Dart            Conj           88%        1d7       1%          1
b - Searing Ray           Conj           44%        2d6       2%          2

Your spell library contained the following spells:

 Spells                   Type           Power      Damage    Failure   Level
 Dazzling Flash           Conj/Hex       24%        N/A       17%         3
 Ozocubu's Armour         Ice            1%         N/A       47%         3
 Fulminant Prism          Conj/Hex       6%         3d7       50%         4
 Iskenderun's Mystic Bla  Conj/Tloc      12%        2d5       50%         4
 Ozocubu's Refrigeration  Ice            0%         4d5       100%        7


Dungeon Overview and Level Annotations

Branches:
Dungeon (2/15)

Altars:
Trog


Innate Abilities, Weirdness & Mutations

You have a beak for a mouth.
You have claws for feet.


Message History

Press: ? - help, Shift-Dir - straight line, f/p - worm
Aim: a worm (moderately wounded, 100% to hit)
The magic dart hits the worm.
The worm is heavily wounded.
Casting: Magic Dart (safe; 1% risk of failure)
Confirm with . or Enter, or press ? or * to list all spells.
Aiming: Magic Dart (safe; 1% risk of failure)
Press: ? - help, Shift-Dir - straight line, f/p - worm
Aim: a worm (heavily wounded, 100% to hit)
The magic dart hits the worm.
The worm is severely wounded.
Casting: Magic Dart (safe; 1% risk of failure)
Confirm with . or Enter, or press ? or * to list all spells.
Aiming: Magic Dart (safe; 1% risk of failure)
Press: ? - help, Shift-Dir - straight line, f/p - worm
Aim: a worm (severely wounded, 100% to hit)
The magic dart hits the worm.
The worm is severely wounded.
Casting: Magic Dart (safe; 1% risk of failure)
Confirm with . or Enter, or press ? or * to list all spells.
Aiming: Magic Dart (safe; 1% risk of failure)
Press: ? - help, Shift-Dir - straight line, f/p - worm
Aim: a worm (severely wounded, 100% to hit)
The magic dart hits the worm.
The worm is severely wounded.
Casting: Magic Dart (safe; 1% risk of failure)
Confirm with . or Enter, or press ? or * to list all spells.
You don't know that spell.
You hit the worm. You peck the worm.
The worm is almost dead.
You hit the worm but do no damage.
The worm is almost dead.
The worm bites you!
You barely miss the worm. You peck the worm.
You kill the worm!
You start resting.
Trog hurls fiery rage upon you!
The fireball explodes!
The fireball engulfs you!
Ouch! That really hurt!
You die...

##.##### .......# .#
.......# #.# ##.##..#
#.# #.##..### #.#
#.......####.####
...##......>.....#
##.##..#.####.##.#####.#
#............<.@......#
......#####...#†#######
####..# #.#.#.# ....#
#.#.#.# #....# #.#.#.#
##. #.#.#.# #. #.#.#.#
......# ..#.#


You could see the fiery rage of Trog (unaware).

Vanquished Creatures
  A worm (D:2)
  A ball python (D:2)
  2 bats (D:1)
  4 endoplasms
  2 giant cockroaches (D:1)
  3 quokkas
  A frilled lizard (D:1)
  A goblin (D:1)
  2 rats
17 creatures vanquished.

Notes
Turn   | Place    | Note
-------+----------+-------------------------------------------
     0 | D:1      | cyrus the Tengu Conjurer began the quest for the Orb.
     0 | D:1      | Reached XP level 1. HP: 10/10 MP: 4/4
   270 | D:1      | Reached XP level 2. HP: 15/15 MP: 3/6
   278 | D:1      | Learned a level 2 spell: Searing Ray
   295 | D:1      | Found a faded altar of an unknown god.
   304 | D:1      | Prayed at the altar of an unknown god.
   304 | D:1      | Became a worshipper of Trog the Wrathful
   304 | D:1      | Reached * piety under Trog
   307 | D:1      | Fell from the grace of Trog
  1242 | D:2      | Killed by a fireball

Illustrated notes

Levels and vault maps discovered:
D:1:      elethiomel_arrival_quiet, layout_rooms,
          ebering_ecumenical_altar_petrified
D:2:      layout_loops_ring, grunt_decor_clamped, minmay_tromino_v2

Action                   || total
-------------------------++-------
Melee: Unarmed           ||    10
       Kick              ||     3
       Peck              ||     2
 Cast: Magic Dart        ||    26
       Searing Ray       ||     3
Invok: Renounce Religion ||     1
Armor: Robe              ||     7
Dodge: Dodged            ||     7

Table legend: (Time is in decaauts)
 A = Elapsed time spent in this place.
 B = Non-inter-level travel time spent in this place.
 C = Inter-level travel time spent in this place.
 D = Time resting spent in this place.
 E = Time spent auto-exploring this place.
 F = Levels seen in this place.
 G = Mean time per level.
                   A        B        C        D        E       F      G
               +--------+--------+--------+--------+--------+-----+--------+
         Total |   1241 |   1241 |      0 |    360 |    609 |   2 |  620.5 |
       Dungeon |   1241 |   1241 |      0 |    360 |    609 |   2 |  620.5 |
               +--------+--------+--------+--------+--------+-----+--------+

Top non-repeatable levels by time:
     D:1: 902 daAuts
     D:2: 339 daAuts
